 Dungeon Crawl Stone Soup version 0.24-a0-462-ge24419a6ad (webtiles) character file.

Game seed: 9043646713729675436

282 tsouns the Slasher (level 6, 0/36 HPs)
             Began as a Vampire Gladiator on July 1, 2019.
             Was an Initiate of Ru.
             Slain by a worm (9 damage)
             ... on level 3 of the Dungeon.
             The game lasted 00:07:33 (3054 turns).

tsouns the Slasher (Vampire Gladiator)              Turns: 3054, Time: 00:07:34

Health: 0/36       AC:  5    Str: 13    XL:     6   Next: 6%
Magic:  6/6        EV: 13    Int: 10    God:    Ru [......]
Gold:   117        SH:  0    Dex: 18    Spells: 5/5 levels left

rFire    . . .     SeeInvis +   a - +0 long sword
rCold    + + .     Gourm    .   (no shield)
rNeg     + + +     Faith    .   b - +0 leather armour
rPois    ∞         Spirit   .   c - +0 helmet
rElec    .         Reflect  .   (no cloak)
rCorr    .         Harm     .   m - +0 pair of gloves
MR       .....                  (no boots)
Stlth    +++++.....             (no amulet)
HPRegen  0.00/turn              (no ring)
MPRegen  0.10/turn              (no ring)

@: lethally poisoned (0 -> 0), bloodless, regenerating quickly
A: no food, fangs 3, see invisible, unbreathing
a: Bat Form, Revivify, Renounce Religion


You were on level 3 of the Dungeon.
You worshipped Ru.
Ru was noncommittal.
You were bloodless.

You visited 1 branch of the dungeon, and saw 3 of its levels.

You collected 117 gold pieces.

Inventory:

Hand Weapons
 a - a +0 long sword (weapon)
 q - a +2 short sword of protection
Missiles
 d - 2 throwing nets (quivered)
 g - 5 boomerangs
Armour
 b - a +0 leather armour (worn)
 c - a +0 helmet (worn)
 m - a +0 pair of gloves (worn)
Jewellery
 i - an uncursed ring of ice
Scrolls
 f - 3 scrolls of remove curse
 h - a scroll of amnesia
Potions
 e - a potion of agility
 j - a potion of heal wounds
 k - a potion of curing
 l - a potion of haste {unknown}
 o - a potion of might {unknown}


   Skills:
 + Level 2.5 Fighting
 * Level 5.6 Long Blades
 - Level 1.5 Throwing
 - Level 3.2 Dodging
 + Level 4.8 Stealth


You had 5 spell levels left.
You didn't know any spells.
Your spell library was empty.

Dungeon Overview and Level Annotations

Branches:
Dungeon (3/15)

Altars:
Makhleb
Nemelex Xobeh
Okawaru
Ru
Sif Muna
Trog
Vehumet
Wu Jian


Innate Abilities, Weirdness & Mutations

You do not eat.
You do not regenerate when monsters are visible.
You are frail without blood (-20% HP).
You are immune to poison.
You have razor-sharp teeth.
You have supernaturally acute eyesight. (SInv)
You can survive without breathing.


Message History

You kill the worm!
The worm bites you but does no damage.
You hit the worm. Your bite misses the worm.
The worm is heavily wounded.
You hit the worm.
The worm is severely wounded.
The worm bites you.
You barely miss the worm. Your bite misses the worm.
The worm is severely wounded.
The worm completely misses you.
You hit the worm.
The worm is severely wounded.
You barely miss the worm.
The worm is severely wounded.
The worm bites you!
* * * LOW HITPOINT WARNING * * *
You hit the worm.
The worm is severely wounded.
The worm bites you!
You die...

#.......≈#≈#≈********#
#......≈≈≈≈*≈≈≈≈≈**≈*#
#.......≈#≈*≈*≈*≈≈≈≈*#
#.......≈#≈*≈*≈******#
#........#≈≈≈*≈≈≈≈≈≈##
#.....)..#****#######.
#####r##.### #..#....
#w##...####.......
#@####....#.##.... #.#
####....#.... #.#
#######..>.... #.#
#............. #.#
#............. #.#
#.............
**#.###.............
*,..................
*,.................#


You could see a worm and a river rat.

Vanquished Creatures
  An orc wizard (D:2)
  An orc priest (D:3)
  Jessica (D:3)
  6 adders
  3 gnolls
  An ooze (D:2)
  2 dart slugs (D:1)
  2 worms
  4 leopard geckos
  7 orcs
  2 ball pythons (D:2)
  3 giant cockroaches
  8 goblins
  9 hobgoblins
  5 jackals
  12 kobolds
  A quokka (D:3)
  10 bats
  9 frilled lizards
  10 rats
97 creatures vanquished.

Notes
Turn   | Place    | Note
-------+----------+-------------------------------------------
     0 | D:1      | tsouns the Vampire Gladiator began the quest for the Orb.
     0 | D:1      | Reached XP level 1. HP: 16/16 MP: 1/1
    78 | D:1      | Reached skill level 1 in Stealth
   121 | D:1      | Reached XP level 2. HP: 22/22 MP: 2/2
   234 | D:1      | Found a sparkling altar of Nemelex Xobeh.
   394 | D:1      | Reached XP level 3. HP: 27/27 MP: 3/3
   637 | D:1      | Reached skill level 4 in Long Blades
  1172 | D:2      | Reached XP level 4. HP: 21/26 MP: 4/4
  1203 | D:2      | Found an ornate altar of the Wu Jian Council.
  1706 | D:2      | Found a sacrificial altar of Ru.
  1711 | D:2      | Became a worshipper of Ru the Awakened
  1752 | D:3      | Noticed Jessica
  2268 | D:3      | Killed Jessica
  2268 | D:3      | Reached skill level 5 in Long Blades
  2268 | D:3      | Reached XP level 5. HP: 30/30 MP: 5/5
  2842 | D:3      | Reached XP level 6. HP: 36/36 MP: 6/6
  2890 | D:3      | Found a radiant altar of Vehumet.
  2890 | D:3      | Found a burning altar of Makhleb.
  2891 | D:3      | Found a bloodstained altar of Trog.
  2892 | D:3      | Found an iron altar of Okawaru.
  2895 | D:3      | Found a deep blue altar of Sif Muna.
  3054 | D:3      | Slain by a worm

Levels and vault maps discovered:
D:1:      lemuel_arrival_room, layout_basic, supply_closet_lemuel,
          nemelex_diamond_rough_becter
D:2:      layout_loops_ring, nicolae_overflow_hidden_temple,
          nicolae_ru_the_path_less_chosen, first_ration
D:3:      layout_rooms, lemuel_crystal_altar, minitemple,
          lightli_sewer_entry_pipes, uniq_jessica

Skill      XL: |  1  2  3  4 |
---------------+-------------+-----
Stealth        | 1 2 3 4 |  4.8
Long Blades    | 4 5 |  5.6
Fighting       | 2 |  2.5
Throwing       | |  1.5
Dodging        | |  3.2

Action                   |  1- 3 |  4- 6 || total
-------------------------+-------+-------++-------
Melee: Long sword        |   100 |   117 ||   217
       Bite              |    11 |    21 ||    32
Throw: Throwing net      |     2 |       ||     2
       Boomerang         |       |    15 ||    15
 Abil: End Transformatio |     1 |       ||     1
       Bat Form          |     1 |       ||     1
       Exsanguinate      |     1 |       ||     1
       Revivify          |     1 |       ||     1
  Use: Scroll            |       |    10 ||    10
 Stab: Sleeping          |     5 |    14 ||    19
       Distracted        |       |     2 ||     2
Armor: Leather armour    |    39 |    21 ||    60
Dodge: Dodged            |    77 |    79 ||   156
       Rpst.: Long sword |    26 |    30 ||    56

Table legend:
 A = Non-vault XP
 B = Vault XP
 C = Vault XP percentage of total XP
 D = Non-vault monster count
 E = Vault monster count
 F = Vault count percentage of total count
                 A         B        C        D         E       F
            +---------+---------+-------+---------+---------+-------
      Total |     361 |      42 |  10.4 |      95 |       2 |   2.1
            +---------+---------+-------+---------+---------+-------
        D:1 |      58 |       0 |   0.0 |      31 |       0 |   0.0
        D:2 |     136 |       0 |   0.0 |      34 |       0 |   0.0
        D:3 |     167 |      42 |  20.1 |      30 |       2 |   6.2
            +---------+---------+-------+---------+---------+-------
